 Dungeon Crawl Stone Soup version 0.27-a0-46-g34d46f0a3f (webtiles) character file.

Game seed: 16815260154556747668

75 Essalna the Gusty (level 4, -1/24 HPs)
             Began as a Tengu Air Elementalist on Jan 6, 2021.
             Killed from afar by Ijyb (12 damage)
             ... with an iceblast
             ... on level 3 of the Dungeon.
             The game lasted 00:04:17 (2346 turns).

Essalna the Gusty (Tengu Air Elementalist)          Turns: 2346, Time: 00:04:18

Health: -1/24      AC:  3    Str:  9    XL:     4   Next: 31%
Magic:  9/9        EV: 12    Int: 16    God:
Gold:   123        SH:  0    Dex: 14    Spells: 7/8 levels left

rFire    . . .     SeeInvis .   e - +0 dagger
rCold    . . .     Faith    .   (no shield)
rNeg     . . .     Spirit   .   a - +0 robe
rPois    .         Reflect  .   (helmet restricted)
rElec    .         Harm     .   (no cloak)
rCorr    .         Rampage  .   m - +0 pair of gloves (curse)
Will     .....                  (boots unavailable)
Stlth    ++........             (no amulet)
HPRegen  0.08/turn              (no ring)
MPRegen  0.11/turn              (no ring)

@: no status effects
A: beak, talons 3
a: no special abilities


You were on level 3 of the Dungeon.
You visited 1 branch of the dungeon, and saw 3 of its levels.

You collected 123 gold pieces.

Inventory:

Hand Weapons
 e - a +0 dagger (weapon)
Armour
 a - a +0 robe (worn)
 m - a cursed +0 pair of gloves (worn)
Scrolls
 d - 5 scrolls of identify {unknown}
 f - a scroll of teleportation {unknown}
 h - 2 scrolls of random uselessness {unknown}
 j - 2 scrolls of remove curse {unknown}
 k - a scroll of enchant armour {unknown}
 l - a scroll of amnesia {unknown}
Potions
 b - a potion of lignification {unknown}
 c - a potion of berserk rage {unknown}
 g - 2 potions of curing {unknown}
 i - a potion of magic {unknown}
 n - 2 potions of heal wounds {unknown}


   Skills:
 - Level 2.1 Dodging
 - Level 2.0 Stealth
 + Level 2.8 Spellcasting
 + Level 3.2 Conjurations
 + Level 5.0 Air Magic


You had 7 spell levels left.
You knew the following spells:

 Your Spells              Type           Power        Failure   Level
a - Shock                 Conj/Air       60%          3%          1

Your spell library contained the following spells:

 Spells                   Type           Power        Failure   Level
 Swiftness                Air            18%          3%          2
 Static Discharge         Conj/Air       15%          11%         3
 Airstrike                Air            9%           24%         4
 Lightning Bolt           Conj/Air       7%           67%         5


Dungeon Overview and Level Annotations

Branches:
Dungeon (3/15)

Altars:

Annotations:
D:3 Ijyb


Innate Abilities, Weirdness & Mutations

You have a beak for a mouth.
You have claws for feet.


Message History

Found a pair of gloves.
You see here a pair of gloves.
m - a pair of gloves You start putting on your armour.
You continue putting on your pair of gloves. x4
You finish putting on your cursed +0 pair of gloves.
Oops, that feels deathly cold.
You see here a battleaxe.
n - 2 smoky orange potions
Found a club.
You see here a club.
Found a stone staircase leading down.
Ijyb the Twisted Goblin comes into view.
She is wielding a -1 club, wearing a +3 leather armour of poison resistance and carrying a wand of iceblast (12).
Ijyb shouts!
You hear a bark!
Ijyb zaps a wand.
The mass of ice explodes!
The iceblast engulfs you!
Ouch! That really hurt!
You hear a shout!
Ijyb zaps a wand.
The mass of ice explodes!
The iceblast engulfs you!
Ouch! That really hurt!
You die...

#.# #.# #..#
.# #.# #.#
##.##.# #.#
..# #.##.#
#.# ###
#..#.#
##.#.# #...#
#.######..#
.......)..#
#.#######@##
#..# ##.#
#.# #g# #.#
#.# #.. ##..


You could see Ijyb.

Vanquished Creatures
  A shadow imp (D:2)
  An ooze (D:1)
  A worm (D:2)
  2 dart slugs
  2 leopard geckos (D:2)
  A ball python (D:1)
  3 giant cockroaches
  9 goblins
  4 hobgoblins (D:1)
  9 jackals
  5 kobolds
  4 bats
  2 frilled lizards
  5 rats
49 creatures vanquished.

Notes
Turn   | Place    | Note
-------+----------+-------------------------------------------
     0 | D:1      | Essalna the Tengu Air Elementalist began the quest for the
                  | Orb.
     0 | D:1      | Reached XP level 1. HP: 10/10 MP: 4/4
   105 | D:1      | Reached XP level 2. HP: 12/15 MP: 0/6
   452 | D:1      | Reached XP level 3. HP: 19/19 MP: 1/7
  1882 | D:2      | Reached XP level 4. HP: 18/24 MP: 5/9
  2122 | D:2      | Reached skill level 5 in Air Magic
  2341 | D:3      | Noticed Ijyb
  2346 | D:3      | Killed from afar by Ijyb

Illustrated notes

Levels and vault maps discovered:
D:1:      dpeg_arrival_arbitrary_b, layout_loops_ring
D:2:      layout_loops_ring
D:3:      layout_basic, uniq_terence, uniq_ijyb

Skill      XL: |  1  2  3  4 |
---------------+-------------+-----
Conjurations   | 2 3 |  3.2
Air Magic      | 5 |  5.0
Dodging        | |  2.1
Stealth        | |  2.0
Spellcasting   | |  2.8

Action                   |  1- 3 |  4- 6 || total
-------------------------+-------+-------++-------
Melee: Unarmed           |    18 |       ||    18
       Kick              |     9 |       ||     9
       Peck              |     3 |       ||     3
       Dagger            |    12 |       ||    12
 Cast: Shock             |    83 |    21 ||   104
Armor: Robe              |    13 |       ||    13
Dodge: Dodged            |    29 |     7 ||    36

Table legend: (Time is in decaauts)
 A = Elapsed time spent in this place.
 B = Non-inter-level travel time spent in this place.
 C = Inter-level travel time spent in this place.
 D = Time resting spent in this place.
 E = Time spent auto-exploring this place.
 F = Levels seen in this place.
 G = Mean time per level.
                   A        B        C        D        E       F      G
               +--------+--------+--------+--------+--------+-----+--------+
         Total |   2345 |   2306 |     39 |      0 |   2049 |   3 |  781.7 |
       Dungeon |   2345 |   2306 |     39 |      0 |   2049 |   3 |  781.7 |
               +--------+--------+--------+--------+--------+-----+--------+

Top non-repeatable levels by time:
     D:1: 1177 daAuts
     D:2: 1088 daAuts
     D:3: 78 daAuts
